Map: 零纪元-天梯版

Players

RAIL - Winner!

  • Race: Protoss Protoss

ShahriarDeMi

  • Race: Terran Terran
  • League: Diamond

Event: WESG 2018 Grand Finals

VOD

Have the link to the VOD?

Description

Time

  • Played on: March 12, 2019, 6:14 a.m.
  • Length: 6:13

All games in this series

Show
View Real Time Build Order
Export as new Build Order

RAIL Protoss - Winner!

Build Orders: 1 Gate Expand, Oracle Opening, Phoenix Opening 

Get SALT Encoding   

  12  0:00  Probe  
  13  0:13  Probe  
  14  0:17  Pylon  
  14  0:24  Probe  
  15  0:32  Probe  
  15  0:38  Gateway  
  15  0:40  Probe  
  16  0:48  Assimilator  
  17  0:51  Probe  
  18  1:03  Probe  
  19  1:15  Probe  
  20  1:25  Nexus  
  20  1:34  Cybernetics Core  
  20  1:39  Probe  
  21  1:44  Pylon  
  21  1:50  Assimilator  
  21  1:53  Probe  
  22  2:01  Adept  
  22  2:05  Probe  
  25  2:17  Probe  
  26  2:23  Stargate  
  26  2:29  Probe  
  27  2:30  Adept  
  27  2:33  Probe  
  29  2:37  Probe  
  29  2:41  Probe  
  31  2:45  Probe  
  33  2:51  Probe  
  33  2:55  Probe, Warp Gate  
  35  3:00  Adept, Phoenix  
  35  3:04  Probe  
  38  3:07  Probe  
  41  3:14  Pylon  
  41  3:18  Probe  
  41  3:19  Oracle  
  43  3:30  Gateway  
  45  3:34  Gateway  
  45  3:39  Adept  
  45  3:40  Probe  
  48  3:42  Probe  
  48  3:47  Pylon  
  49  3:51  Phoenix  
  49  3:52  Probe  
  50  3:56  Probe  
  50  4:02  Pylon  
  53  4:04  Probe  
  53  4:06  Assimilator  
  53  4:08  Phoenix  
  56  4:21  Probe  
  57  4:28  Probe  
  58  4:33  Probe  
  59  4:41  Pylon, Probe  
  60  4:46  Stalker x3  
  60  4:51  Assimilator  
  66  4:53  Pylon  
  66  4:55  Gateway  
  66  4:57  Gateway  
  66  5:02  Probe  
  67  5:11  Zealot x2  
  67  5:13  Nexus  
  69  5:22  Zealot, Probe  
  69  5:26  Pylon  
  70  5:31  Pylon, Phoenix  
  72  5:36  Stalker, Zealot  
  72  5:42  Twilight Council  
  76  5:47  Zealot  
  78  5:51  Zealot  
  78  5:57  Stalker  
  82  5:59  Sentry  
  82  6:00  Zealot  
Show
View Real Time Build Order
Export as new Build Order

ShahriarDeMi Terran 

Build Orders: Cyclone Opening 

Get SALT Encoding   

  12  0:00  SCV  
  13  0:12  SCV  
  14  0:18  Supply Depot  
  14  0:25  SCV  
  15  0:30  Refinery  
  15  0:39  SCV  
  16  0:48  Barracks  
  16  0:52  SCV  
  17  1:04  SCV  
  18  1:08  Refinery  
  18  1:16  SCV  
  19  1:28  SCV  
  20  1:38  Reaper  
  21  1:40  Orbital Command  
  21  1:47  Factory  
  21  1:53  Supply Depot  
  21  2:06  SCV  
  22  2:18  SCV  
  23  2:31  Factory Tech Lab  
  23  2:34  Command Center  
  23  2:35  SCV  
  24  2:43  Barracks Reactor  
  24  2:44  Starport  
  24  2:53  Cyclone  
  24  2:55  SCV  
  28  3:04  Supply Depot  
  28  3:07  SCV  
  29  3:20  Marine x2, Starport Tech Lab  
  29  3:25  SCV  
  32  3:28  Siege Tank  
  35  3:37  SCV  
  35  3:38  Cloaking Field, Marine  
  37  3:46  Banshee  
  40  3:50  SCV  
  40  3:55  Orbital Command  
  41  4:01  Marine  
  41  4:02  Marine  
  43  4:03  SCV  
  44  4:15  SCV  
  44  4:18  Marine  
  44  4:19  Orbital Command  
  44  4:20  Marine  
  46  4:27  SCV  
  46  4:29  Supply Depot  
  50  4:31  Siege Tank  
  44  4:39  SCV  
  44  4:44  Engineering Bay  
  45  4:45  Marine  
  45  4:49  SCV  
  45  4:51  SCV  
  48  4:56  Marine  
  48  4:58  Banshee  
  52  5:01  SCV  
  52  5:03  SCV  
  54  5:14  SCV  
  55  5:15  Siege Tank  
  55  5:19  SCV  
  58  5:22  Marine x2  
  58  5:26  SCV  
  60  5:31  SCV  
  60  5:33  Missile Turret  
  60  5:34  Missile Turret  
  60  5:38  SCV  
  60  5:40  Marine  
  60  5:42  Marine  
  62  5:46  SCV  
  60  5:50  SCV  
  60  5:58  SCV  
Tags
 
Add a new tag
Caveats
  • Supply blocks, unpowered buildings, or Contaminate may cause inaccurate times.
  • Supply counts are checked every 10 seconds.